cohdb
Replays
Latest Replays
All Replays
Popular Replays
Top Player Replays
Match Explorer
How It Works
Community
CoH3 Stats
Reddit
Sign in to upload your games and track your stats! →
Sign in with Steam
Match 43729792
Unlisted
Match 43729792
Overview
Messages
Build Orders
End
Royal Engineer Section
Royal Engineer Section
Selects Canadian Shock Battlegroup
Construct Section Command Post
Construct Field Infirmary
Selects Attacking Spirit
Selects Canadian Shock Section
Canadian Shock Section
Construct Platoon Command Post
Infantry Training
Canadian Shock Section
Selects Incendiary Munitions
Canadian Shock Section
Unlock Bishop Self-propelled Artillery
Bishop Self-propelled Artillery
Bishop Self-propelled Artillery
Light Vehicle Training
Selects Pyrotechnics
Selects Pyrotechnics
Bishop Self-propelled Artillery
Bishop Self-propelled Artillery
MonkeyLetsPlay
Serial Chiller
slow-happyer
364219039
Wisdom yaya
1443943334
小兔18C
YiShen
0
0
Comments
sign in to comment!
No comments posted yet!